 Dungeon Crawl Stone Soup version 0.29-a0-23-ga79f92ac9c (webtiles) character file.

Game seed: 15382009927282706664

593 skittles the Conjurer (level 7, -2/32 HPs)
             Began as a Vine Stalker Conjurer on Jan 31, 2022.
             Succumbed to a water moccasin's poison
             ... on level 5 of the Dungeon.
             The game lasted 00:10:55 (4721 turns).

skittles the Conjurer (Vine Stalker Conjurer)       Turns: 4721, Time: 00:10:56

Health: -2/32      AC:  5    Str:  9    XL:     7   Next: 39%
Magic:  2/14       EV: 12    Int: 20    God:
Gold:   227        SH:  5    Dex: 13    Spells: 1/15 levels left

rFire   + . .      SeeInvis .     - Unarmed
rCold   . . .      Faith    .   (no shield)
rNeg    . . .      Spirit   +   f - +0 steam dragon scales
rPois   .          Reflect  +   (no helmet)
rElec   .          Harm     .   (no cloak)
rCorr   .          Rampage  .   (no gloves)
Will    .....                   (no boots)
Stlth   +++.......              d - amulet of reflection
HPRegen 0.90/turn               l - ring of fire
MPRegen 0.14/turn               m - ring of protection from cold

@: lethally poisoned (-2 -> -17)
A: fangs 2, regeneration 1, magic shield, antimagic bite, no potion heal 2
a: no special abilities


You were on level 5 of the Dungeon.
You visited 1 branch of the dungeon, and saw 5 of its levels.

You collected 227 gold pieces.

Inventory:

Hand Weapons
 c - a +0 dagger
 e - a +0 long sword
Missiles
 g - 6 atropa-tipped darts
Armour
 a - a +0 robe
 f - +0 steam dragon scales (worn)
Jewellery
 d - an amulet of reflection (around neck)
 l - a ring of fire (left hand)
 m - a ring of protection from cold (right hand)
 o - a ring of see invisible
Scrolls
 j - a scroll of identify
Potions
 b - 2 potions of berserk rage
 h - a potion of lignification
 i - a potion of flight
 k - a potion of cancellation
 n - a potion of curing
 p - a potion of ambrosia {unknown}
 q - a potion of brilliance {unknown}
 r - a potion of heal wounds {unknown}


   Skills:
 - Level 1.5 Dodging
 - Level 4.2 Stealth
 * Level 3.1 Unarmed Combat
 + Level 4.5 Spellcasting
 * Level 6.3 Conjurations


You had one spell level left.
You knew the following spells:

 Your Spells              Type           Power      Damage    Failure   Level
a - Magic Dart            Conj           100%       1d8       1%          1
b - Searing Ray           Conj           58%        2d6       1%          2
c - Dazzling Flash        Conj/Hex       34%        N/A       10%         3
d - Fulminant Prism       Conj/Hex       8%         3d7       32%         4
e - Iskenderun's Mystic   Conj/Tloc      17%        2d5       32%         4

Your spell library contained the following spells:

 Spells                   Type           Power      Damage    Failure   Level
 Animate Skeleton         Necr           8%         N/A       12%         1
 Apportation              Tloc           8%         N/A       12%         1
 Summon Small Mammal      Summ           16%        N/A       12%         1
 Mephitic Cloud           Conj/Pois/Air  13%        N/A       16%         3
 Call Imp                 Summ           4%         N/A       19%         2


Dungeon Overview and Level Annotations

Branches:
Dungeon (5/15)
 Temple: D:4-7

Altars:
Kikubaaqudgha
Wu Jian


Innate Abilities, Weirdness & Mutations

You have extremely sharp teeth.
Your natural rate of healing is unusually fast.
When hurt, damage is shared between your health and your magic reserves.
Your bite disrupts and absorbs the magic of your enemies.
Potions cannot restore your health.


Message History

You feel very sick. The water moccasin barely misses you.
You barely miss the water moccasin. You bite the water moccasin.
You drain its power.
You feel invigorated.
The water moccasin is severely wounded.
You feel sick.
The water moccasin completely misses you.
You miss the water moccasin. Your bite misses the water moccasin.
The water moccasin is severely wounded.
You feel sick. The water moccasin bites you.
You hit the water moccasin. Your bite misses the water moccasin.
The water moccasin is severely wounded.
You feel sick. The water moccasin bites you. x2
You barely miss the water moccasin.
The water moccasin is severely wounded.
You feel sick. The water moccasin bites you.
You are more poisoned.
The water moccasin poisons you!
You hit the water moccasin. Your bite misses the water moccasin.
The water moccasin is severely wounded.
You feel very sick. The water moccasin bites you.
* * * LOW HITPOINT WARNING * * *
You are more poisoned.
The water moccasin poisons you!
Casting: Magic Dart (safe; 1% risk of failure)
Confirm with . or Enter, or press ? or * to list all spells.
Aiming: Searing Ray (safe; 1% risk of failure)
Press: ? - help, Shift-Dir - straight line, f/p - water moccasin
Aim: a water moccasin (severely wounded, 66% to hit)
The searing ray hits the water moccasin.
The water moccasin is almost dead. (Press . to maintain the ray.)
* * * LOW HITPOINT WARNING * * *
You feel very sick. The water moccasin barely misses you.
The water moccasin bites you.
* * * LOW HITPOINT WARNING * * *
The searing ray hits the water moccasin.
The water moccasin is almost dead.
You die...

######## #....#.# #
#.####.# ######## #.##
#.# .......# #..
#....#.# #.######
..##.#<###......#
#.##.......# #.# #.)
#.####.###.####.###....)
#......# #.##...@S.....#
######## #.##.#.#####...
#).....# #......#
#.##.#.# #.##.#.#
#....... #..##..#. #..
..#.#


You could see a water moccasin.

Vanquished Creatures
  A steam dragon (D:4)
  A necrophage (D:3)
  A water moccasin zombie (D:5)
  A howler monkey (D:4)
  A jelly (D:5)
  Jessica (D:2)
  3 iguanas
  A hound zombie (D:5)
  2 hound skeletons (D:4)
  4 adders
  3 adder skeletons
  A dart slug (D:3)
  3 orcs
  6 bats
  9 endoplasms
  3 giant cockroaches
  9 goblins
  8 hobgoblins
  9 kobolds
  3 quokkas
  10 ball pythons
  2 frilled lizards
  6 rats
88 creatures vanquished.

Notes
Turn   | Place    | Note
-------+----------+-------------------------------------------
     0 | D:1      | skittles the Vine Stalker Conjurer began the quest for the
                  | Orb.
     0 | D:1      | Reached XP level 1. HP: 9/9 MP: 4/4
   266 | D:1      | Reached XP level 2. HP: 13/13 MP: 3/6
   580 | D:1      | Learned a level 2 spell: Searing Ray
  1052 | D:1      | Found a faded altar of an unknown god.
  1168 | D:1      | Reached XP level 3. HP: 16/16 MP: 3/7
  1708 | D:2      | Noticed Jessica
  1712 | D:2      | Killed Jessica
  1713 | D:2      | Gained mutation: Your natural rate of healing is unusually
                  | fast. [Vine Stalker growth]
  1713 | D:2      | Reached XP level 4. HP: 21/21 MP: 3/9
  1901 | D:2      | Learned a level 3 spell: Dazzling Flash
  2386 | D:3      | Noticed a necrophage
  2393 | D:3      | Killed a necrophage
  2394 | D:3      | Reached skill level 5 in Conjurations
  2394 | D:3      | Reached XP level 5. HP: 24/24 MP: 3/11
  2459 | D:3      | Learned a level 4 spell: Fulminant Prism
  2781 | D:3      | Found an ornate altar of the Wu Jian Council.
  3290 | D:4      | Noticed a steam dragon
  3298 | D:4      | Killed a steam dragon
  3299 | D:4      | Reached skill level 1 in Unarmed Combat
  3299 | D:4      | Reached XP level 6. HP: 28/28 MP: 3/13
  3655 | D:4      | Found an ancient bone altar of Kikubaaqudgha.
  4122 | D:4      | Reached skill level 6 in Conjurations
  4122 | D:4      | Reached XP level 7. HP: 32/32 MP: 12/14
  4238 | D:4      | Learned a level 4 spell: Iskenderun's Mystic Blast
  4354 | D:5      | Entered Level 5 of the Dungeon
  4721 | D:5      | Succumbed to a water moccasin's poison

Illustrated notes

Levels and vault maps discovered:
D:1:      evilmike_arrival_fibonacci_small, layout_basic,
          hellmonk_ecumenical_altar_heavens_door, minmay_misc_feat_iff
D:2:      layout_basic, uniq_jessica
D:3:      minmay_evil_eye, layout_loops_ring, nicolae_wu_jian_wuxing_cycle
D:4:      layout_loops_ring, mainiacjoe_overflow_small_starburst
D:5:      layout_loops_cross, cheibrodos_worm_habitat,
          okawaru_ov_weapons_minmay, lemuel_coloured_pillars_altar

Skill      XL: |  1  2  3  4  5  6  7 |
---------------+----------------------+-----
Stealth        | 3 4 |  4.2
Spellcasting   | 3 4 |  4.5
Conjurations   | 5 6 |  6.3
Unarmed Combat | 1 2 3 |  3.1
Dodging        | |  1.5

Action                   |  1- 3 |  4- 6 |  7- 9 || total
-------------------------+-------+-------+-------++-------
Melee: Dagger            |     8 |    18 |       ||    26
       Bite              |     5 |    11 |    11 ||    27
       Unarmed           |       |    28 |    26 ||    54
       Punch             |       |     1 |       ||     1
 Cast: Magic Dart        |    62 |    77 |    28 ||   167
       Searing Ray       |       |     7 |     6 ||    13
  Use: Scroll            |       |     6 |     2 ||     8
       Potion            |       |       |     1 ||     1
 Stab: Sleeping          |       |     1 |       ||     1
Armor: Robe              |     3 |       |       ||     3
       Steam dragon scal |       |     8 |     5 ||    13
Dodge: Dodged            |     5 |    34 |    18 ||    57
Block: Other             |       |    14 |     5 ||    19

Table legend: (Time is in decaauts)
 A = Elapsed time spent in this place.
 B = Non-inter-level travel time spent in this place.
 C = Inter-level travel time spent in this place.
 D = Time resting spent in this place.
 E = Time spent auto-exploring this place.
 F = Levels seen in this place.
 G = Mean time per level.
                   A        B        C        D        E       F      G
               +--------+--------+--------+--------+--------+-----+--------+
         Total |   4715 |   4658 |     57 |    770 |   3276 |   5 |  943.0 |
       Dungeon |   4715 |   4658 |     57 |    770 |   3276 |   5 |  943.0 |
               +--------+--------+--------+--------+--------+-----+--------+

Top non-repeatable levels by time:
     D:1: 1314 daAuts
     D:4: 1068 daAuts
     D:3: 1039 daAuts
     D:2: 926 daAuts
     D:5: 365 daAuts
